 Dungeon Crawl Stone Soup version 0.32-a0-918-g0f22ef8d61 (webtiles) character file.

Game seed: 2168455941462973542

76 bananaken the Cudgeller (level 4, 0/28 HPs)
             Began as a Gargoyle Gladiator on Apr 11, 2024.
             Slain by a cerulean imp
             ... wielding a +2 spear
             ... summoned by Natasha
              (5 damage)
             ... on level 2 of the Dungeon.
             The game lasted 00:06:31 (1157 turns).

bananaken the Cudgeller (Gargoyle Gladiator)        Turns: 1157, Time: 00:06:31

Health: 0/28       AC:  7    Str: 18    XL:     4   Next: 32%
Magic:  4/4        EV: 11    Int: 10    God:
Gold:   35         SH:  0    Dex: 11    Spells: 3/3 levels left

rFire   . . .        a - +0 flail
rCold   . . .        (no shield)
rNeg    + . .        k - +0 leather armour
rPois   ∞            c - +0 helmet
rElec   +            (no cloak)
rCorr   .            (no gloves)
SInv    +            (no boots)
Will    .....        (no amulet)
Stlth   +            g - ring of see invisible
HPRegen 0.24/turn    (no ring)
MPRegen 0.09/turn

%: no passive effects
@: no status effects
A: sickness immunity, AC +3, negative energy resistance 1, electricity
resistance, torment resistance 1, petrification resistance
a: no special abilities


You were on level 2 of the Dungeon.
You visited 1 branch of the dungeon, and saw 2 of its levels.

You collected 35 gold pieces.

Inventory:

Hand Weapons
 a - a +0 flail (weapon)
 b - a +1 dagger of venom
Missiles
 d - 3 throwing nets (quivered)
 e - 6 javelins
Armour
 c - a +0 helmet (worn)
 k - a +0 leather armour (worn)
Jewellery
 g - a ring of see invisible (left hand)
Talismans
 n - a beast talisman
Wands
 p - a wand of warping (6)
Scrolls
 h - a scroll of revelation {unknown}
 i - 2 scrolls of identify {unknown}
 j - a scroll of immolation {unknown}
 m - a scroll of noise {unknown}
 o - a scroll of poison {unknown}


   Skills:
 + Level 3.0 Fighting
 * Level 4.1 Maces & Flails
 - Level 1.7 Throwing
 + Level 2.9 Dodging


You had 3 spell levels left.
You didn't know any spells.
Your spell library contained the following spells:

 Spells                   Type           Power      Damage    Failure   Level
 Teleport Other           Tloc           0%         N/A       80%         3
 Dispersal                Tloc           0%         N/A       100%        6
 Gell's Gavotte           Tloc           0%         2d(11-16) 100%        6


Dungeon Overview and Level Annotations

Branches:
Dungeon (2/15)

Altars:
Cheibriados

Shops:
D:1 =!??

Annotations:
D:2 Natasha


Innate Abilities, Weirdness & Mutations

You are immune to sickness and miasma.
Your stone body is resilient. (AC +3)
You are immune to poison.
You resist negative energy. (rN+)
You are resistant to electric shocks. (rElec)
You are resistant to unholy torment.
You are immune to petrification.


Message History

You thump Natasha!
Natasha is heavily wounded.
Natasha mewls in sadness.
Natasha mumbles some strange words.
Natasha barely misses you.
You closely miss Natasha.
Natasha is heavily wounded.
Natasha zaps a wand.
The puff of flame hits you.
You barely miss Natasha.
Natasha is heavily wounded.
Natasha mumbles some strange words.
Natasha glows brightly for a moment.
Natasha claws you but does no damage.
A giant cockroach comes into view.
You miss Natasha.
Natasha is heavily wounded.
Natasha closely misses you.
You closely miss Natasha.
Natasha is heavily wounded.
The cerulean imp hits you but does no damage.
Natasha claws you. The cerulean imp barely misses you.
You closely miss Natasha.
Natasha is heavily wounded.
Natasha barely misses you. The cerulean imp closely misses you.
Natasha stares at you and mumbles some strange words.
The magic dart hits you.
You barely miss Natasha.
Natasha is heavily wounded.
The cerulean imp hits you but does no damage.
Natasha closely misses you.
You hit Natasha.
Natasha is almost dead.
The cerulean imp completely misses you.
Natasha zaps a wand.
The puff of flame hits you!
* * * LOW HITPOINT WARNING * * *
The giant cockroach misses you.
You barely miss Natasha.
Natasha is almost dead.
The cerulean imp hits you from afar with a +2 spear.
You die...

######### #### #.......
...# #.....#. ...####
#......#.
......##########...#...#
............)†......#
......##########@#...#
......# #Bh# .# ......#
...5# ####### ....#..
....#.... ............
#.# ......#.. ..# #.#
........#...#. #.#


You could see Natasha, a cerulean imp (summoned) and a giant cockroach.

Vanquished Creatures
  Natasha (D:2)
  5 bats
  8 endoplasms
  3 giant cockroaches
  4 goblins
  5 hobgoblins
  4 jackals (D:1)
  4 kobolds
  A quokka (D:1)
  3 ball pythons
  4 rats (D:1)
  A spectral goblin (D:1)
43 creatures vanquished.

Notes
Turn   | Place    | Note
-------+----------+-------------------------------------------
     0 | D:1      | bananaken the Gargoyle Gladiator began the quest for the
                  | Orb.
     0 | D:1      | Reached XP level 1. HP: 12/12 MP: 1/1
   132 | D:1      | Reached XP level 2. HP: 18/18 MP: 2/2
   338 | D:1      | Found a faded altar of an unknown god.
   363 | D:1      | Found Ruprej Oluir's Magic Scroll Emporium.
   378 | D:1      | Reached XP level 3. HP: 14/22 MP: 3/3
   613 | D:1      | Found Nauvacva's Jewellery Shoppe.
   617 | D:1      | Found Gosaunko's Distillery.
   756 | D:1      | Found Feups's Magic Scroll Boutique.
   951 | D:2      | Found a snail-covered altar of Cheibriados.
  1088 | D:2      | Noticed Natasha
  1111 | D:2      | HP: 1/22 [cerulean imp/+2 spear[Natasha] (3)]
  1119 | D:2      | Killed Natasha
  1120 | D:2      | Reached skill level 4 in Maces & Flails
  1120 | D:2      | Reached XP level 4. HP: 21/28 MP: 4/4
  1145 | D:2      | Noticed Natasha
  1157 | D:2      | Slain by a cerulean imp

Illustrated notes

Levels and vault maps discovered:
D:1:      minmay_arrival_stair_chambers, layout_loops_ring, serial_shops,
          shop_fountains, nicolae_shop_just_a_little_nook, nicolae_diamond_shop,
          shop, dreamdust_ecumenical_altar_drowned_temple, minivault_14
D:2:      layout_basic, basic_altar, minmay_splitting_lines, uniq_natasha,
          uniq_robin

Skill      XL: |  1  2  3 |
---------------+----------+-----
Fighting       | 3 |  3.0
Maces & Flails | 4 |  4.1
Throwing       | |  1.7
Dodging        | |  2.9

Action                     |  1- 3 |  4- 6 || total
---------------------------+-------+-------++-------
  Melee: Flail             |   144 |    10 ||   154
  Evoke: Wand              |     1 |       ||     1
    Use: Potion            |     2 |       ||     2
   Stab: Invisible         |     2 |       ||     2
 Armour: Leather armour    |    97 |     9 ||   106
  Dodge: Dodged            |   130 |     8 ||   138

Table legend: (Time is in decaauts)
 A = Elapsed time spent in this place.
 B = Non-inter-level travel time spent in this place.
 C = Inter-level travel time spent in this place.
 D = Time resting spent in this place.
 E = Time spent auto-exploring this place.
 F = Levels seen in this place.
 G = Mean time per level.
                   A        B        C        D        E       F      G
               +--------+--------+--------+--------+--------+-----+--------+
         Total |   1199 |   1183 |     16 |     59 |    753 |   2 |  599.5 |
       Dungeon |   1199 |   1183 |     16 |     59 |    753 |   2 |  599.5 |
               +--------+--------+--------+--------+--------+-----+--------+

Top non-repeatable levels by time:
     D:1: 902 daAuts
     D:2: 296 daAuts
